 Dungeon Crawl Stone Soup version 0.16-a0-3641-g71d4c1b (webtiles) character file.

317 mattchew the Conjurer (level 6, -4/36 HPs)
             Began as an Octopode Wizard on Apr 17, 2015.
             Slain by a phantom (6 damage)
             ... on level 4 of the Dungeon.
             The game lasted 00:19:33 (5233 turns).

mattchew the Conjurer (Octopode Wizard)             Turns: 5233, Time: 00:19:33

Health: -4/36      AC:  3    Str:  7    XL:     6   Next: 45%
Magic:  11/13      EV: 12    Int: 20    God:
Gold:   188        SH:  0    Dex: 12    Spells: 5 memorised, 1 level left

rFire  . . .     SeeInvis .     a - +0 short sword
rCold  . . .     Clarity  .     (no shield)
rNeg   . . .     SustAb   .     x - +2 hat
rPois  .         Gourm    .     (no amulet)
rElec  .         Spirit   .     (no ring)
rCorr  .         Warding  .     (no ring)
rMut   .         Stasis   .     (no ring)
MR     .....                    (no ring)
Stlth  +++.......               (no ring)
                                (no ring)
                                (no ring)
                                (no ring)

@: repel missiles, not resistant to hostile enchantments, fairly stealthy
A: almost no armour, amphibious, 8 rings, constrict 8, camouflage 1, gelatinous
body 1
a: no special abilities


You were on level 4 of the Dungeon.
You were not hungry.

You visited 1 branch of the dungeon, and saw 4 of its levels.

You collected 188 gold pieces.

Inventory:

Hand weapons
 a - a +0 short sword (weapon)
 b - a +0 hunting sling
 e - a +0 dagger
 f - a +0 spear
 i - a +0 whip
 C - a +1 dagger of freezing
 D - a +0 arbalest
Missiles
 g - 63 stones (quivered)
 h - 9 arrows of frost
 m - 6 tomahawks
 n - 44 poisoned needles
 o - 58 bolts
 E - 30 arrows
Armour
 x - a +2 hat (worn)
Jewellery
 q - an uncursed ring of teleportation
Scrolls
 l - a scroll of teleportation {unknown}
 p - 5 scrolls of identify {unknown}
 u - a scroll of fear {unknown}
 v - 4 scrolls of enchant weapon {unknown}
 w - a scroll of fog {unknown}
 y - a scroll of remove curse
 A - 3 scrolls of recharging
Potions
 k - 2 potions of heal wounds {unknown}
 r - a potion of resistance {unknown}
 t - a potion of flight {unknown}
 B - a potion of agility {unknown}
Books
 c - a book of Minor Magic

   Spells                             Type                      Level
   a - Magic Dart                     Conjuration                  1
   b - Blink                          Translocation                2
   c - Call Imp                       Summoning                    2
   d - Repel Missiles                 Charms/Air                   2
   e - Slow                           Hexes                        2
   f - Conjure Flame                  Conjuration/Fire             3
   g - Mephitic Cloud                 Conjuration/Poison/Air       3
Comestibles
 d - a bread ration
 j - 3 chunks of flesh
 s - 4 meat rations
 z - 4 fruits


   Skills:
 - Level 2.0 Dodging
 - Level 3.0 Stealth
 - Level 3.5 Spellcasting
 + Level 3.6 Conjurations
   Level 1.0 Summonings
 - Level 1.0 Translocations
 + Level 3.1 Air Magic
 + Level 3.4 Poison Magic


You had one spell level left.
You knew the following spells:

 Your Spells              Type           Power        Failure   Level  Hunger
a - Magic Dart            Conj           ###.         2%          1    None
b - Blink                 Tloc           N/A          17%         2    ##.....
c - Mephitic Cloud        Conj/Pois/Air  ###.....     12%         3    ###....
d - Repel Missiles        Chrm/Air       #.....       14%         2    ##.....
e - Conjure Flame         Conj/Fire      ##......     21%         3    ###....


Dungeon Overview and Level Annotations

Branches:
Dungeon (4/15)
 Temple: D:4-7

Altars:
Elyvilon


Innate Abilities, Weirdness & Mutations

You cannot wear most types of armour.
You are amphibious.
You can wear up to eight rings at the same time.
You can use your tentacles to constrict many enemies at once.
Your skin changes colour to match your surroundings (Stealth).
Your rubbery body absorbs attacks (AC +1).


Message History

* * * LOW HITPOINT WARNING * * *
There is a stone staircase leading up here.
Casting: Magic Dart
Confirm with . or Enter, or press ? or * to list all spells.
Aiming: Magic Dart
Press: ? - help, Shift-Dir - straight line, f - phantom
Aim: a phantom (moderately damaged)
The magic dart hits the phantom.
The phantom is moderately damaged.
The phantom hits you.
* * * LOW HITPOINT WARNING * * *
Casting: Magic Dart
Confirm with . or Enter, or press ? or * to list all spells.
Aiming: Magic Dart
Press: ? - help, Shift-Dir - straight line, f/p - phantom
Aim: a phantom (moderately damaged)
The magic dart hits the phantom.
The phantom is moderately damaged.
The phantom hits you.
You die...

###......### ..
#(.........####...
#...........##.....
#.......(...##.#...
#.......$..........
#..<...............
##.................#
#.....>............#
#..@W..............#
#.........##.......#
#####.#..รท..>.......
#.#...........##
..#.........#.##
..!.........##.##
##..#........##.#
####........##..
#........##..


You could see a phantom.

Vanquished Creatures
  An orc priest (D:3)
  2 orc wizards (D:3)
  2 worker ants
  3 gnolls (D:2)
  8 adders
  A giant mite (D:3)
  A worm (D:3)
  5 giant geckos
  4 orcs
  2 ball pythons
  3 giant cockroaches
  8 goblins
  4 hobgoblins
  3 jackals (D:1)
  6 bats
  5 giant newts
  10 kobolds
  9 rats
77 creatures vanquished.

Notes
Turn   | Place    | Note
--------------------------------------------------------------
     0 | D:1      | mattchew, the Octopode Wizard, began the quest for the Orb.
     0 | D:1      | Reached XP level 1. HP: 11/11 MP: 4/4
   117 | D:1      | Reached XP level 2. HP: 12/17 MP: 6/6
   121 | D:1      | Learned a level 2 spell: Blink
  1436 | D:1      | Reached XP level 3. HP: 14/21 MP: 8/8
  1693 | D:2      | Learned a level 3 spell: Mephitic Cloud
  1903 | D:2      | Reached skill level 1 in Poison Magic
  2059 | D:2      | Reached XP level 4. HP: 12/27 MP: 10/10
  2373 | D:2      | Reached skill level 1 in Air Magic
  3085 | D:2      | Reached XP level 5. HP: 31/31 MP: 5/11
  3183 | D:3      | Learned a level 2 spell: Repel Missiles
  3187 | D:3      | Learned a level 3 spell: Conjure Flame
  3526 | D:3      | Found a white marble altar of Elyvilon.
  3614 | D:3      | HP: 1/31 [something/magic dart (4)]
  4565 | D:3      | Reached XP level 6. HP: 20/36 MP: 13/13
  5233 | D:4      | Slain by a phantom

Action                   |  1- 3 |  4- 6 || total
-------------------------+-------+-------++-------
Melee: Spear             |    31 |       ||    31
       Unarmed           |     5 |       ||     5
       Short sword       |    34 |   149 ||   183
 Fire: Hunting sling     |       |     8 ||     8
Throw: Stone             |     1 |       ||     1
 Cast: Magic Dart        |     5 |    30 ||    35
       Mephitic Cloud    |       |     3 ||     3
       Blink             |       |     2 ||     2
       Repel Missiles    |       |     1 ||     1
  Use: Scroll            |     2 |     2 ||     4
       Potion            |       |     3 ||     3
 Stab: Sleeping          |    11 |     3 ||    14
  Eat: Chunk             |     3 |     9 ||    12
       Beef jerky        |       |     1 ||     1
